 Dungeon Crawl Stone Soup version 0.27.0-1-g7a089689b8 (webtiles) character file.

Game seed: 14215247110771313278

102 moritonal the Skirmisher (level 4, -1/40 HPs)
             Began as a Hill Orc Fighter on Aug 17, 2021.
             Was a Believer of Lugonu.
             Slain by a howler monkey (5 damage)
             ... on level 4 of the Dungeon.
             The game lasted 00:33:09 (2400 turns).

moritonal the Skirmisher (Hill Orc Fighter)         Turns: 2400, Time: 00:33:10

Health: -1/40      AC:  9    Str: 19    XL:     4   Next: 77%
Magic:  4/4        EV:  5    Int:  8    God:    Lugonu [**....]
Gold:   43         SH:  9    Dex: 10    Spells: 1/3 levels left

rFire    . . .     SeeInvis +   a - +0 rapier
rCold    . . .     Faith    .   c - +0 kite shield
rNeg     . . .     Spirit   .   m - +0 chain mail
rPois    +         Reflect  .   (no helmet)
rElec    .         Harm     .   (no cloak)
rCorr    .         Rampage  .   (no gloves)
Will     .....                  (no boots)
Stlth    ..........             (no amulet)
HPRegen  0.13/turn              p - ring of poison resistance
MPRegen  0.09/turn              t - ring of see invisible

@: mighty
A: no striking features
a: Renounce Religion, Depart the Abyss, Bend Space


You were on level 4 of the Dungeon.
You worshipped Lugonu.
Lugonu was pleased with you.
You visited 1 branch of the dungeon, and saw 4 of its levels.

You collected 43 gold pieces.

Inventory:

Hand Weapons
 a - a +0 rapier (weapon)
 e - a +0 dagger
 h - a +0 dagger
 j - a +0 dagger
 q - a +0 dagger
Missiles
 g - 10 sling bullets
 n - 48 stones (quivered)
Armour
 b - a +0 scale mail
 c - a +0 kite shield (worn)
 i - a +0 robe
 l - a +0 ring mail
 m - a +0 chain mail (worn)
Jewellery
 p - a ring of poison resistance (left hand)
 t - a ring of see invisible (right hand)
Scrolls
 f - 2 scrolls of identify
Potions
 d - a potion of might
 k - a potion of attraction {unknown}
 r - a potion of curing {unknown}
 s - a potion of ambrosia {unknown}


   Skills:
 + Level 4.1 Fighting
 + Level 3.1 Short Blades
 + Level 0.3 Throwing
 + Level 4.1 Armour
 + Level 0.1 Dodging
 + Level 3.9 Shields


You had one spell level left.
You knew the following spells:

 Your Spells              Type           Power      Damage    Failure   Level
a - Foxfire               Conj/Fire      0%         2x1d4     100%        1
b - Apportation           Tloc           0%         N/A       100%        1

Your spell library contained the following spells:

 Spells                   Type           Power      Damage    Failure   Level
 Conjure Flame            Conj/Fire      0%         6-21      100%        3
 Inner Flame              Hex/Fire       0%         N/A       100%        3
 Alistair's Intoxication  Tmut/Pois      0%         N/A       100%        5
 Invisibility             Hex            0%         N/A       100%        6


Dungeon Overview and Level Annotations

Branches:
Dungeon (4/15)             Temple (0/1) D:4

Altars:
Elyvilon
Lugonu


Message History

You block the phantom's attack.
You hear an angry growl.
You hear an angry hiss.
You hit the bullfrog.
The bullfrog is lightly wounded.
The bullfrog hits you.
The howler monkey hits you but does no damage.
You block the bullfrog's attack. The phantom hits you.
The phantom blinks!
You blink.
You barely miss the phantom.
The phantom hits you but does no damage.
The howler monkey hits you.
You puncture the bullfrog!
The bullfrog is heavily wounded.
The bullfrog hits you but does no damage.
The phantom hits you but does no damage.
The howler monkey barely misses you.
The bullfrog hits you but does no damage.
You closely miss the bullfrog.
The bullfrog is heavily wounded.
The howler monkey hoots and howls with incredible vigour!
The phantom hits you.
* * * LOW HITPOINT WARNING * * *
The phantom blinks!
You blink.
You block the phantom's attack.
You hear an angry growl.
You hear an angry hiss.
You miss the adder. The adder bites you.
* * * LOW HITPOINT WARNING * * *
The phantom hits you.
* * * LOW HITPOINT WARNING * * *
The phantom blinks!
You blink.
Unknown command.
You puncture the howler monkey!
The howler monkey is severely wounded.
The phantom hits you but does no damage.
The howler monkey hoots and howls with incredible vigour!
You hear an angry hiss.
You closely miss the howler monkey.
The howler monkey is severely wounded.
The adder bites you but does no damage. You block the phantom's attack.
The howler monkey hits you.
You die...

#....#............
#....#..##.#.#.... ..
#.###....#.#.#.##. ..>
####......<.....#. ....
#............#....
....###########............#....
##.............F.§.........#....
#.............KhS..........###..
...............@W.#.............
....##...###...####........##...
.....#...# #.(.# #.......####...
.......(.###...###.###..##.##...
.........)...........##.........
......S...⌠(.>..⌠.......##......
......###.............#..#......
..>.#. ####...###..............
.#..#. #.⌠.# ..............


You could see a phantom, a bullfrog, a howler monkey (catching breath), an adder
and a kobold.

Vanquished Creatures
  A hound (D:4)
  3 adders
  2 dart slugs
  An orc (D:4)
  2 endoplasms
  A giant cockroach (D:2)
  8 goblins
  2 hobgoblins
  3 quokkas
  3 ball pythons
  2 bats (D:1)
  5 frilled lizards
  2 kobolds
  7 rats
42 creatures vanquished.

Vanquished Creatures (others)
  2 plants (D:2)
2 creatures vanquished.

Grand Total: 44 creatures vanquished

Notes
Turn   | Place    | Note
-------+----------+-------------------------------------------
     0 | D:1      | moritonal the Hill Orc Fighter began the quest for the Orb.
     0 | D:1      | Reached XP level 1. HP: 19/19 MP: 1/1
   216 | D:1      | Reached XP level 2. HP: 24/27 MP: 2/2
   673 | D:2      | Reached XP level 3. HP: 12/33 MP: 3/3
  1558 | D:1      | Found a faded altar of an unknown god.
  1561 | D:1      | Became a worshipper of Lugonu the Unformed
  1561 | D:1      | Reached * piety under Lugonu
  1561 | D:1      | Reached ** piety under Lugonu
  1706 | D:2      | Learned a level 1 spell: Foxfire
  1822 | D:4      | Reached XP level 4. HP: 7/40 MP: 2/4
  2095 | D:4      | Found a white marble altar of Elyvilon.
  2150 | D:4      | Learned a level 1 spell: Apportation
  2347 | D:4      | Found a staircase to the Ecumenical Temple.
  2361 | D:4      | Noticed a phantom
  2385 | D:4      | Noticed a bullfrog
  2400 | D:4      | Slain by a howler monkey

Illustrated notes

Levels and vault maps discovered:
D:1:      nzn_arrival_water_spiral, layout_loops_ring,
          chequers_ecumenical_altar_twisty, minmay_misc_feat_chi,
          chequers_serial_rivers_large_a
D:2:      layout_basic, serial_bayou_pond_d, dk_noncrumbling_2
D:3:      layout_basic, nzn_wu_jian_contemplation,
          mainiacjoe_overflow_surrounded_room, serial_shops, shop,
          minmay_misc_feat_alley, serial_bayou_pond_a, uniq_robin
D:4:      layout_cave_pools, elyvilon_altar_3, doesnt_xom_only_xom,
          minmay_temple_entry_junction, hangedman_decor_diamond_cutter,
          minmay_ruined_shrine

Skill      XL: |  1  2  3 |
---------------+----------+-----
Fighting       | 4 |  4.1
Short Blades   | 3 |  3.1
Armour         | 4 |  4.1
Throwing       | |  0.3
Dodging        | |  0.1
Shields        | |  3.9

Action                   |  1- 3 |  4- 6 || total
-------------------------+-------+-------++-------
Melee: Rapier            |   115 |    40 ||   155
Throw: Stone             |    10 |     7 ||    17
Invok: Bend Space        |     2 |       ||     2
  Use: Scroll            |     6 |     2 ||     8
       Potion            |       |     1 ||     1
Armor: Scale mail        |    35 |       ||    35
       Chain mail        |    17 |    45 ||    62
Dodge: Dodged            |    27 |    15 ||    42
Block: Kite shield       |    61 |    32 ||    93
